 Dungeon Crawl Stone Soup version 0.26.1-11-gd32895ea62 (webtiles) character file.

Game seed: 11408077266546596555

81 nothank2 the Skirmisher (level 4, -5/41 HPs)
             Began as a Minotaur Fighter on June 22, 2021.
             Killed by divine providence
             ... invoked by an orc priest
              (13 damage)
             ... on level 2 of the Dungeon.
             The game lasted 00:02:38 (1078 turns).

nothank2 the Skirmisher (Minotaur Fighter)          Turns: 1078, Time: 00:02:39

Health: -5/41      AC:  7    Str: 22    XL:     4   Next: 20%
Magic:  3/3        EV:  7    Int:  5    God:
Gold:   49         SH:  9    Dex:  9    Spells: 3/3 levels left

rFire    . . .     SeeInvis .   l - +1 short sword (venom)
rCold    + . .     Faith    .   c - +0 kite shield
rNeg     . . .     Spirit   .   b - +0 scale mail
rPois    .         Reflect  .   (helmet restricted)
rElec    .         Harm     .   (no cloak)
rCorr    .         Rampage  .   (no gloves)
Will     .....                  (no boots)
Stlth    ..........             (no amulet)
HPRegen  0.13/turn              j - ring of protection from cold
MPRegen  0.08/turn              (no ring)

@: no status effects
A: retaliatory headbutt, horns 2
a: no special abilities


You were on level 2 of the Dungeon.
You visited 1 branch of the dungeon, and saw 2 of its levels.

You collected 49 gold pieces.

Inventory:

Hand Weapons
 a - a +0 long sword
 l - a +1 short sword of venom (weapon)
Armour
 b - a +0 scale mail (worn)
 c - a +0 kite shield (worn)
Jewellery
 j - a ring of protection from cold (left hand)
Scrolls
 g - a scroll of teleportation {unknown}
 h - 2 scrolls of remove curse {unknown}
 k - 2 scrolls of identify {unknown}
 n - a scroll of immolation {unknown}
 o - a scroll of fear {unknown}
Potions
 d - a potion of might
 e - a potion of invisibility {unknown}
 f - a potion of mutation {unknown}
 i - a potion of haste {unknown}
 m - a potion of attraction {unknown}


   Skills:
 + Level 4.3 Fighting
 + Level 3.7 Long Blades
 + Level 4.2 Armour
 + Level 4.3 Shields


You had 3 spell levels left.
You didn't know any spells.
Your spell library was empty.

Dungeon Overview and Level Annotations

Branches:
Dungeon (2/15)

Altars:
Sif Muna
Vehumet


Innate Abilities, Weirdness & Mutations

You reflexively headbutt those who attack you in melee.
You have a pair of horns on your head.


Message History

Your headbutt misses the orc priest.
The orc priest is almost dead.
You kill the orc priest!
The orc priest calls down the wrath of Beogh upon you.
Beogh smites you!
* * * LOW HITPOINT WARNING * * *
You have reached level 4!
You feel stronger.
The giant cockroach waves its antennae.
You block the giant cockroach's attack.
The orc priest miscasts a cantrip.
The giant cockroach completely misses you.
The giant cockroach bites you but does no damage.
The giant cockroach barely misses you.
Things that are here:
a +0 trident; an orc corpse The giant cockroach bites you but does no damage.
The orc priest calls down the wrath of Beogh upon you.
Beogh smites you!
You die...

...###..._...# #.........#.....
...#....#^##.#####...####..#.....
.................................
..........................<†.....
........##.................).....
...#.......#..####...#####.#.....
...##.........####...).....##....
......#.......##.........<## ....
####.<##########@#...#.##. )##
#.....# #B#...# ##. .# #.##.##
#.#..... #. # #.##.# #.#...#.#
.....# ##.##.##... ######
#.o......... #
##########o######.... #
#...oo.....# # #.###.#.####


You could see an orc priest, an orc and a giant cockroach.

Vanquished Creatures
  An orc priest (D:2)
  An adder (D:2)
  A worm (D:2)
  An orc (D:2)
  5 bats
  2 giant cockroaches (D:1)
  6 goblins
  6 hobgoblins
  4 jackals (D:2)
  4 kobolds
  2 frilled lizards (D:1)
  4 rats
37 creatures vanquished.

Notes
Turn   | Place    | Note
-------+----------+-------------------------------------------
     0 | D:1      | nothank2 the Minotaur Fighter began the quest for the Orb.
     0 | D:1      | Reached XP level 1. HP: 19/19 MP: 0/0
    79 | D:1      | Reached XP level 2. HP: 27/27 MP: 1/1
   726 | D:2      | Found a radiant altar of Vehumet.
   732 | D:2      | Reached XP level 3. HP: 33/33 MP: 2/2
   810 | D:2      | Found a shimmering blue altar of Sif Muna.
  1054 | D:2      | Reached XP level 4. HP: 5/41 MP: 3/3
  1078 | D:2      | Killed from afar by an orc priest

Illustrated notes

Levels and vault maps discovered:
D:1:      tarquinn_simple_flora_water_e, layout_loops_ring,
          hangedman_decor_points, minivault_26
D:2:      layout_loops_cross, fiery_altar_vehumet, lemuel_crystal_altar,
          elyvilon_altar_5

Skill      XL: |  1  2 |
---------------+-------+-----
Fighting       | 4 |  4.3
Armour         | 4 |  4.2
Shields        | 4 |  4.3
Long Blades    | 3 |  3.7

Action                   |  1- 3 |  4- 6 || total
-------------------------+-------+-------++-------
Melee: Long sword        |    44 |       ||    44
       Headbutt          |     9 |       ||     9
       Short sword       |    37 |       ||    37
Armor: Scale mail        |    27 |     2 ||    29
Dodge: Dodged            |    17 |     2 ||    19
Block: Kite shield       |    40 |     1 ||    41
       Rpst.: Long sword |     2 |       ||     2
